AoeStats
← kkkg

Arena

508858739Analyzed
4v4 RM · 7d ago on Sep 24, 2026· 52m 28s· 8 players
Game mode
Random Map
Map size
Large (8 player)
Population
200
Speed
Normal
Resources
Standard
Victory
Conquest
Starting age
Dark Age
Ending age
Imperial Age
RankedLock teamsTeams togetherTeam positionsShared explorationLock speedFull tech treeHidden civsTurbo modeCheats
Victory
Defeat
1051
+13
🇨🇳 Burgundians · China
1009
+15
🇨🇳 Bohemians · China
1006
+15
🇨🇳 Burgundians · China
928
+18
🇳🇱 Varangians · Netherlands
1172
-22
🇪🇬 Cumans · Egypt
1155
-22
🇮🇪 Bohemians · Ireland
882
-11
🇵🇰 Britons · Pakistan
727
-6
Wild Nût Buster
10:43 Feudal Age
16:10 Castle Age
16:48 Loom
17:50 Double-Bit Axe
17:59 Gold Mining
18:00 Stone Mining
18:04 Fletching
21:47 Bodkin Arrow
27:44 Bow Saw
28:59 Padded Archer Armor
30:07 Leather Archer Armor
31:28 Ballistics
33:07 Gold Shaft Mining
33:55 Treadmill Crane
34:26 Masonry
34:12 Murder Holes
35:04 Wheelbarrow
34:16 Town Watch
36:50 Yeomen
41:44 Town Patrol
42:00 Hand Cart
45:24 Imperial Age
45:30 Elite Longbowman
46:37 Conscription
47:44 Chemistry
47:38 Bracer
48:08 Ring Archer Armor
48:29 Ring Archer Armor
Medina90
10:43 Feudal Age
14:23 Castle Age
12:46 Double-Bit Axe
16:25 Wheelbarrow
15:33 Horse Collar
24:23 Hand Cart
24:40 Heavy Plow
29:29 Imperial Age
28:53 Scale Barding Armor
28:58 Forging
29:56 Cavalier
30:37 Husbandry
31:09 Bloodlines
31:00 Gold Mining
32:38 Chain Barding Armor
32:53 Iron Casting
33:35 Crop Rotation
33:18 Bow Saw
35:04 Vendel Legacy
37:00 Plate Barding Armor
37:00 Iron Casting
37:23 Light Cavalry
38:51 Elite Jarl
39:37 Scale Mail Armor
39:58 Pikeman
40:38 Squires
40:25 Arson
40:41 Scale Mail Armor
41:41 Blast Furnace
42:16 Chain Mail Armor
43:18 Elite Varangian Guard
Hermes Trismegistus
12:57 Feudal Age
13:02 Feudal Age
18:33 Castle Age
18:19 Double-Bit Axe
18:17 Horse Collar
18:39 Fletching
18:50 Padded Archer Armor
22:26 Wheelbarrow
23:05 Crossbowman
24:18 Bow Saw
28:41 Hand Cart
32:04 Heavy Plow
32:04 Bodkin Arrow
32:24 Leather Archer Armor
32:59 Wagenburg Tactics
36:36 Imperial Age
35:13 Ballistics
35:05 Loom
36:26 Chemistry
37:52 Houfnice
40:22 Conscription
42:55 Murder Holes
43:07 Siege Engineers
43:17 Masonry
45:05 Fortified Wall
44:49 Guard Tower
45:23 Bombard Tower
Assem
10:37 Feudal Age
11:51 Double-Bit Axe
13:05 Horse Collar
19:02 Castle Age
20:04 Bow Saw
20:14 Heavy Plow
21:10 Wheelbarrow
21:16 Padded Archer Armor
20:40 Light Cavalry
23:45 Stone Mining
23:47 Gold Mining
25:32 Loom
27:30 Gold Shaft Mining
30:39 Imperial Age
28:53 Hand Cart
29:19 Town Watch
29:44 Scale Barding Armor
29:50 Forging
31:08 Bloodlines
32:59 Two-Man Saw
31:37 Cavalier
31:40 Hussar
32:26 Steppe Husbandry
32:55 Town Patrol
33:30 Chain Barding Armor
33:42 Paladin
35:12 Coinage
34:58 Guilds
35:56 Plate Barding Armor
36:20 Coinage
35:51 Caravan
36:40 Sappers
39:29 Pikeman
39:29 Man-at-Arms
39:57 Elite Steppe Lancer
40:27 Halberdier
41:08 Squires
42:11 Arson
41:48 Long Swordsman
42:49 Two-Handed Swordsman
45:29 Fletching
46:15 Iron Casting
45:57 Leather Archer Armor
45:42 Scale Mail Armor
50:37 Conscription
50:54 Hoardings
kkkg
3:32 Double-Bit Axe
8:16 Horse Collar
12:59 Feudal Age
15:00 Wheelbarrow
14:45 Bow Saw
17:02 Castle Age
16:51 Heavy Plow
19:09 Husbandry
18:31 Light Cavalry
21:40 Two-Man Saw
24:17 Gold Mining
24:18 Stone Mining
25:08 Hand Cart
25:28 Cavalier
26:55 Treadmill Crane
27:45 Scale Barding Armor
27:51 Forging
32:44 Imperial Age
30:00 Town Watch
30:03 Loom
31:02 Stone Shaft Mining
31:03 Gold Shaft Mining
31:10 Gold Shaft Mining
31:19 Burgundian Vineyards
31:53 Ballistics
31:43 Masonry
33:04 Crop Rotation
32:41 Fletching
32:52 Padded Archer Armor
34:31 Chemistry
34:03 Architecture
34:13 Conscription
33:43 Elite Coustillier
35:13 Leather Archer Armor
34:53 Bodkin Arrow
35:34 Iron Casting
35:20 Chain Barding Armor
37:26 Hoardings
37:32 Bracer
38:33 Blast Furnace
38:09 Plate Barding Armor
39:46 Guilds
Depart
0:29 Loom
3:32 Double-Bit Axe
8:01 Wheelbarrow
10:56 Feudal Age
11:56 Hand Cart
11:54 Bow Saw
18:19 Castle Age
17:11 Horse Collar
22:23 Heavy Plow
23:25 Two-Man Saw
22:34 Gold Mining
22:34 Stone Mining
24:32 Crop Rotation
25:36 Gold Shaft Mining
25:36 Stone Shaft Mining
26:32 Forging
26:28 Scale Barding Armor
33:18 Imperial Age
32:53 Iron Casting
32:39 Chain Barding Armor
32:40 Cavalier
34:37 Paladin
35:17 Husbandry
36:22 Blast Furnace
35:58 Plate Barding Armor
35:44 Caravan
35:17 Light Cavalry
36:48 Hussar
38:25 Fletching
40:11 Conscription
40:08 Burgundian Vineyards
42:07 Bodkin Arrow
45:02 Bracer
44:48 Treadmill Crane
45:18 Masonry
45:04 Murder Holes
45:20 Fortified Wall
46:10 Chemistry
45:30 Ballistics
46:21 Town Watch
48:10 Architecture
50:26 Elite Coustillier
yarl
1:55 Loom
10:04 Feudal Age
11:00 Double-Bit Axe
10:57 Horse Collar
17:11 Castle Age
18:17 Bow Saw
18:09 Heavy Plow
19:14 Fletching
20:18 Bodkin Arrow
25:29 Fortified Wall
25:57 Ballistics
26:35 Padded Archer Armor
26:28 Elite Skirmisher
31:50 Wheelbarrow
33:57 Imperial Age
31:56 Padded Archer Armor
32:35 Scale Mail Armor
32:45 Forging
33:19 Hand Cart
32:48 Pikeman
33:29 Squires
33:50 Leather Archer Armor
33:50 Chain Mail Armor
34:50 Chemistry
35:44 Two-Man Saw
35:12 Conscription
34:17 Halberdier
35:08 Murder Holes
36:08 Iron Casting
37:25 Ring Archer Armor
36:55 Bracer
37:19 Town Watch
38:05 Wagenburg Tactics
这是我的弟弟约翰
10:36 Feudal Age
12:09 Loom
14:24 Castle Age
12:20 Horse Collar
12:30 Double-Bit Axe
15:03 Horse Collar
16:39 Horse Collar
22:52 Heavy Plow
23:04 Bow Saw
25:20 Wheelbarrow
28:07 Squires
32:14 Imperial Age
30:12 Fortified Wall
30:12 Gold Mining
30:19 Stone Mining
31:46 Hand Cart
32:19 Fletching
34:01 Chemistry
32:47 Arrowslits
34:00 Bodkin Arrow
35:20 Two-Man Saw
34:52 Crop Rotation
35:00 Stone Shaft Mining
33:53 Elite Skirmisher
35:42 Caravan
36:16 Heavy Scorpion
38:01 Crenellations
40:27 Padded Archer Armor
40:37 Forging
40:27 Scale Mail Armor
41:27 Pikeman
43:14 Elite Teutonic Knight
44:50 Siege Engineers
44:07 Halberdier
44:34 Gambesons
47:14 Cavalier
48:05 Bloodlines
49:15 Paladin
53:02 Ironclad
Connection lost

Rejoining the realm…

Still unreachable

The connection could not be restored.

Session expired

The server has moved on; the page needs a fresh start.